[Event "***Titled Tuesday 3|2 Blitz"]
[Site "Chess.com"]
[Date "2017.02.07"]
[Round "6"]
[White "GeorgMeier"]
[Black "GrigorGrigorov"]
[Result "1/2-1/2"]
[WhiteElo "2670"]
[BlackElo "2492"]
[TimeControl "180+2"]
[EndTime "14:27:23 PST"]
[Termination "Game drawn - insufficient material"]

1. Nf3 Nf6 2. g3 d5 3. Bg2 c6 4. O-O Bg4 5. d3 Nbd7 6. Nbd2 e5 7. h3 Bh5 8. e4 dxe4 9. dxe4 Be7 10. Qe1 O-O 11.
Nc4 Qc7 12. a4 a5 13. Bd2 b6 14. Bc3 Bxf3 15. Bxf3 Bc5 16. Rd1 Rfe8 17. b3 Nf8 18. Kg2 Ng6 19. h4 h6 20. Rd3 b5 21. Ne3 b4 22. Bb2 Rad8 23. Nc4 Rxd3 24. cxd3 Nd7 25. Bg4 Ngf8 26. f4 Bd4 27. Bxd4 exd4 28. e5 f6 29. Qe4 fxe5 30. Bxd7 Nxd7 31. fxe5 Nc5 32. Qxd4 Nxb3 33. Qf2 Qe7 34. Kh2 Rf8 35. Qg2 Nd4 36. Rxf8+ Qxf8 37. Nxa5 Nf3+ 38. Kh1 Nxe5 39. Qe2 Qc5 40.
Nc4 Qd5+ 41. Kh2 Nxd3 42. Qe8+ Kh7 43. Ne3 Qe5 44. Qxe5 Nxe5 45. a5 b3 46. Nd1 Nc4 47.
a6 Kg6 48. Nb2 Nb6 49. Kg2 Kf5 50. Kf3 Ke5 51. Ke3 Kd5 52. Kd3 c5 53. Kc3 c4 54. a7 Kc6 55. Nxc4 Nd5+ 56. Kxb3 Kb7 57. Nd6+ Kxa7 58. Nf5 g5 59. Kc4 gxh4 60. gxh4 Nf4 61. Nxh6 Ng2 62. h5 Nf4 63. Nf5 Nxh5 64. Nd6 Kb6 65. Nb5 Nf6 66. Kd3 Kxb5 1/2-1/2

[Event "***Titled Tuesday 3|2 Blitz"]
[Site "Chess.com"]
[Date "2017.02.07"]
[Round "6"]
[White "JeremDev"]
[Black "popov_m"]
[Result "1-0"]
[WhiteElo "2152"]
[BlackElo "2323"]
[TimeControl "180+2"]
[EndTime "14:27:33 PST"]
[Termination "JeremDev won by resignation"]

1. e4 e6 2. Nf3 d5 3. e5 Bd7 4. d4 c5 5. c3 Nc6 6. a3 f6 7. b4 fxe5 8. dxe5 Qb6 9. Bd3 g6 10.
h4 Bg7 11. Qe2 c4 12. Bc2 O-O-O 13. a4 d4 14. a5 Qc7 15. cxd4 Nxb4 16. Be4 Ne7 17.
O-O Ned5 18. Bd2 Bb5 19. Nc3 Ba6 20. Rfb1 Rhf8 21. Ng5 Qe7 22. Qg4 Rf5 23. Nf3 Rdf8 24. Nxd5 Nxd5 25. Bxd5 exd5 26. Bb4 Qd7 27. Bxf8 Bxf8 28.
Ng5 Kc7 29. Re1 Bb4 30. Re3 Qe7 31. e6 Bd6 32. Nf7 Rf4 33. Qg5 Rxh4 34. Qxd5 Bh2+ 35.
Kf1 c3+ 36. Ke1 Bd6 37. Rxc3+ Kb8 38. Qxd6+ Qxd6 39. Nxd6 b6 40. Kd2 Rxd4+ 41. Kc2 Rxd6 42. Re1 Bb5 43. axb6 axb6 44. e7 Be8 45. Rf3 Kc7 46. Rf8 Rc6+ 47. Kb2 Kd7 48. Rh8 Rd6 49. Re2 h5 50. f4 b5 51. Kc1 Rc6+ 52. Kd1 Rd6+ 53. Ke1 Rd4 54. g3 Rd3 55. Kf2 b4 56. Rf8 Rd6 57. f5 gxf5 58. Rxf5 b3 59. Rb5 Rd3 60. Rb8 Rc3 61. Rd8+ Kc7 1-0

[Event "***Titled Tuesday 3|2 Blitz"]
[Site "Chess.com"]
[Date "2017.02.07"]
[Round "6"]
[White "abubakrtagelsir"]
[Black "macko06"]
[Result "0-1"]
[WhiteElo "2136"]
[BlackElo "2376"]
[TimeControl "180+2"]
[EndTime "14:27:45 PST"]
[Termination "macko06 won on time"]

1. e4 e6 2. d4 d5 3. Nc3 Nf6 4. e5 Nfd7 5. f4 c5 6. Nf3 Nc6 7. Be3 Be7 8. Qd2 O-O 9. Be2 a6 10. O-O b5 11. Nd1 Qb6 12. c3 b4 13. Nf2 a5 14.
Nh3 Ba6 15. Nhg5 h6 16. Nh3 Bxe2 17. Qxe2 bxc3 18. bxc3 Rab8 19. Kh1 Qb2 20. Qd3 c4 21. Qd2 Qxd2 22. Bxd2 Rb2 23. Kg1 Rfb8 24. Rfd1 a4 25. Ne1 a3 26. Kf1 Nb6 27. Bc1 Na4 28. Bd2 Na7 29. Ng1 R2b7 30. Ne2 Nb2 31. Rdb1 Nd3 32. Rxb7 Rxb7 33. Nxd3 cxd3 34. Nc1 Rb2 35. Ke1 Nc6 36. Nxd3 Rb7 37. Kd1 Na5 38. Kc2 Nc4 39. Bc1 g5 40. Rb1 Rc7 41. g3 Kg7 42. Rb3 Kg6 43. fxg5 hxg5 44.
g4 Ra7 45. h3 Kg7 46. Rb8 f6 47.
exf6+ Bxf6 48. Nc5 e5 49. dxe5 Nxe5 50. Rb7+ Rxb7 51.
Nxb7 Nc4 52. Nc5 Kf7 53. Kb3 Be7 54. Nd3 Ke6 55. Nb4 Ne5 56. Bxa3 Nf3 57. Nd3 Bd8 58. Bc1 Ng1 0-1

[Event "***Titled Tuesday 3|2 Blitz"]
[Site "Chess.com"]
[Date "2017.02.07"]
[Round "6"]
[White "Evgeny81"]
[Black "Incognito_Knight"]
[Result "0-1"]
[WhiteElo "2323"]
[BlackElo "2301"]
[TimeControl "180+2"]
[EndTime "14:28:14 PST"]
[Termination "Incognito_Knight won by resignation"]

1. Nf3 d5 2. g3 c5 3. Bg2 Nc6 4. d4 Nf6 5. O-O e6 6. c4 dxc4 7. Qa4 Bd7 8. Qxc4 cxd4 9. Nxd4 Rc8 10. Nc3 Nxd4 11. Qxd4 Bc5 12. Qh4 O-O 13. Bg5 h6 14.
Bxf6 Qxf6 15. Qxf6 gxf6 16. Rfd1 Rc7 17. Ne4 Be7 18.
Rac1 Rfc8 19. Rxc7 Rxc7 20. Bf3 f5 21. Nd2 Bf6 22.
b3 Bb5 23. Nf1 b6 24. Ne3 Kg7 25. Kg2 Bg5 26. a4 Ba6 27. b4 Bxe3 28. fxe3 Kf6 29.
b5 Bb7 30. Bxb7 Rxb7 31. Rc1 Rd7 32. Kf3 Ke5 33. Rc4 a6 34. bxa6 Ra7 35. a5 Rxa6 36.
axb6 Rxb6 37. Rh4 Rb1 38. Rxh6 Rf1+ 39. Kg2 Re1 40. Kf2 Rh1 41. h4 Ke4 42. Rf6 Rh2+ 43. Kf1 Kxe3 44. Rxf7 Rf2+ 45. Kg1 Rxe2 46. h5 Kf3 47. h6 Rg2+ 48. Kh1 Rxg3 49. Kh2 Rg6 50.
h7 Rh6+ 51. Kg1 f4 52. Ra7 e5 53. Ra3+ Kg4 54. Ra7 e4 55. Rg7+ Kf3 56. Ra7 e3 57.
Rb7 Rg6+ 58. Kh2 Rh6+ 59. Kg1 Ke2 60. Rb2+ Kd3 61. Rh2 e2 62. Rxh6 e1=Q+ 63. Kh2 Qg3+ 64. Kh1 f3 65. Rd6+ Ke2 66. Re6+ Kf1 67. Re1+ Kxe1 0-1

[Event "***Titled Tuesday 3|2 Blitz"]
[Site "Chess.com"]
[Date "2017.02.07"]
[Round "6"]
[White "Feegus"]
[Black "Rumpel-VK"]
[Result "1-0"]
[WhiteElo "2374"]
[BlackElo "2417"]
[TimeControl "180+2"]
[EndTime "14:28:24 PST"]
[Termination "Feegus won by resignation"]

1. Nf3 f5 2. g3 Nf6 3. Bg2 d6 4.
O-O e5 5. d3 g6 6. c4 Bg7 7. Nc3 O-O 8. Rb1 Nc6 9. Nd2 f4 10. b4 g5 11. b5 Ne7 12. Qa4 h5 13. Qa3 h4 14. b6 cxb6 15. Nb5 h3 16. Bh1 d5 17. Qd6 Qxd6 18. Nxd6 Bg4 19. Re1 Rfd8 20. Ba3 Rd7 21. cxd5 Nexd5 22. N2e4 Nxe4 23. Nxe4 Rad8 24. Rbc1 Bh6 25. Bb2 Re8 26. Ba3 fxg3 27. hxg3 Red8 28. Bb2 Re7 29. Ba3 Re6 30. Rb1 Rc6 31. Rb5 Be6 32.
Rc1 Kg7 33. Kh2 g4 34. e3 Kg6 35. Bb2 Rxc1 36. Bxc1 Rc8 37. Bd2 Rc2 38. Rb1 Rxa2 39.
Rd1 Nf6 40. Nc3 Rc2 41. Ne4 Nxe4 42. Bxe4+ Bf5 43. Bxb7 Bxd3 44. Kg1 Be2 45. Be4+ Kf6 46. Bxc2 Bxd1 47. Bxd1 Bf8 48. Bxg4 b5 49. Bxh3 b4 50.
Bg2 Kf5 51. Bd5 e4 52. f3 exf3 53. e4+ Kg4 54. Bf4 Bc5+ 55. Kh2 a5 56. Be6+ Kh5 57.
g4+ Kg6 58. Bb3 f2 59. Kg2 Bd4 60. Bg3 Kg5 61. Bxf2 Bc3 62. Kf3 Be5 63. Be3+ Kf6 64.
Bf4 Bxf4 65. Kxf4 1-0

[Event "***Titled Tuesday 3|2 Blitz"]
[Site "Chess.com"]
[Date "2017.02.07"]
[Round "6"]
[White "jb2mix"]
[Black "alekroth64"]
[Result "0-1"]
[WhiteElo "2390"]
[BlackElo "2230"]
[TimeControl "180+2"]
[EndTime "14:28:25 PST"]
[Termination "alekroth64 won on time"]

1. d4 Nf6 2. c4 e6 3. Nf3 b6 4. g3 Bb7 5. Bg2 Be7 6. O-O O-O 7. Re1 c5 8. d5 exd5 9. Nh4 g6 10. cxd5 d6 11. Nc3 Re8 12. a4 a6 13. Nf3 Nbd7 14. e4 Bf8 15. Bf4 Nh5 16. Bg5 Qc7 17. Nd2 Bg7 18. Nc4 Ne5 19. Nxe5 Rxe5 20.
Be3 Rae8 21. Rc1 R5e7 22. f4 Bc8 23. e5 Qd8 24. g4 dxe5 25. gxh5 exf4 26. Bf2 Rxe1+ 27.
Bxe1 Qg5 28. h4 Qe5 29. hxg6 hxg6 30. Bf2 Bf5 31. Qd2 Qd6 32. Re1 Rxe1+ 33. Qxe1 c4 34. Qe8+ Bf8 35. Be4 Bd7 36. Qd8 b5 37. axb5 axb5 38.
h5 Qe7 39. Qxe7 Bxe7 40. hxg6 f5 41. Bf3 Kg7 42. Bd4+ Kxg6 43. Be5 Kg5 44. Ne2 Bc5+ 45. Kf1 Be3 46. d6 b4 47. Nd4 c3 48. bxc3 bxc3 49.
Nc2 Bd2 50. Ke2 Bb5+ 51. Kd1 Kh4 52. Bd5 Kg3 53. Be6 Kf2 54. Nd4 Ba4+ 55. Nb3 f3 56. d7 Bxd7 57. Bxd7 Ke3 58. Bd4+ Kd3 59. Bxf5+ Kc4 60. Bc2 Bf4 61. Bf2 Be5 0-1

[Event "***Titled Tuesday 3|2 Blitz"]
[Site "Chess.com"]
[Date "2017.02.07"]
[Round "6"]
[White "LyonBeast"]
[Black "gmwesley_so"]
[Result "1/2-1/2"]
[WhiteElo "2741"]
[BlackElo "2743"]
[TimeControl "180+2"]
[EndTime "14:28:38 PST"]
[Termination "Game drawn by repetition"]

1. e4 e5 2. Nf3 Nf6 3. Nxe5 d6 4.
Nf3 Nxe4 5. d3 Nf6 6. d4 d5 7.
Bd3 Bd6 8. O-O O-O 9. c3 Re8 10. Bg5 h6 11. Bh4 Nbd7 12. Re1 Rxe1+ 13. Qxe1 Nf8 14.
Ne5 Be7 15. Nd2 c6 16. Qe2 Be6 17. Re1 N6d7 18. Bxe7 Qxe7 19. f4 f6 20. Nxc6 bxc6 21. f5 Re8 22. fxe6 Qxe6 23. Qxe6+ Rxe6 24. Rxe6 Nxe6 25. Nb3 Kf7 26. Kf2 Ke7 27. Na5 Kd6 28. b4 Nb6 29.
Bc2 Nc7 30. Nb7+ Ke7 31. a4 Nc4 32. Ke2 Ne6 33. g3 Ng5 34. Nc5 Ne6 35. Nb7 Nd8 36. Nc5 Ne6 37. Nb3 Ng5 38. g4 Ne6 39. a5 Nf4+ 40.
Kf3 g5 41. Nc5 Nd2+ 42. Kf2 Ne6 43. Nxe6 Kxe6 44. Ke2 Nc4 45. Ba4 Kd6 46. h3 Kc7 47.
Bc2 Nd6 48. Bd3 Kd7 49. Kd2 Ke6 50. Bc2 Nc4+ 51. Ke2 Nd6 52. Ba4 Kd7 53. Bc2 Ke6 54. Bd3 f5 55. gxf5+ Nxf5 56. b5 cxb5 57. Bxb5 Nd6 58.
Bd3 Nb7 59. a6 Nd6 60. Kf3 h5 61. Ke3 Kf6 62. Kf3 Ke6 63. Ke3 Nf5+ 64. Kf3 Ne7 65. Ke3 Ng8 66. Kf3 Nf6 67. Bg6 Kd6 68. Bd3 Kc6 69. c4 dxc4 70. Bxc4 Kd6 71. Bf7 Ke7 72. Bc4 Kd6 73. Bf7 Kc6 74. Bc4 Kb6 75.
Ke3 h4 76. Kf3 Ka5 77. Ke3 Kb4 78. Be6 Kb5 79. Bc8 Kc4 80. Be6+ Kb5 81. Bc8 Kb6 82. Kf3 Kc7 83. Bb7 Kd6 84. Ba8 Kc7 85. Bb7 Kd6 86. Ba8 Kc7 87. Bb7 Kd6 1/2-1/2

[Event "***Titled Tuesday 3|2 Blitz"]
[Site "Chess.com"]
[Date "2017.02.07"]
[Round "6"]
[White "Lukianoo"]
[Black "ShimanovAlex"]
[Result "0-1"]
[WhiteElo "2603"]
[BlackElo "2658"]
[TimeControl "180+2"]
[EndTime "14:28:40 PST"]
[Termination "ShimanovAlex won on time"]

1. e4 c6 2. d4 d5 3. Nc3 dxe4 4.
Nxe4 Bf5 5. Ng3 Bg6 6. h4 h6 7. h5 Bh7 8. Nf3 e6 9. Bd3 Bxd3 10. Qxd3 Nf6 11. Bd2 Be7 12. O-O-O O-O 13. Qe2 b5 14. Nf1 Qd5 15. Kb1 Nbd7 16. Ne3 Qe4 17. Rh4 Qh7 18. g4 Ne4 19. Rh3 c5 20. Bc1 c4 21. d5 Nb6 22.
dxe6 fxe6 23. Qe1 a5 24. Nf1 Bb4 25. N1d2 Bxd2 26. Bxd2 Nd5 27. Bc1 Rad8 28. Rd4 Nc5 29. Ne5 Ne7 30. Qd1 Rd5 31. Rxd5 exd5 32. f4 Qe4 33. Rh1 d4 34. Re1 Qd5 35. g5 hxg5 36. h6 gxh6 37. Qh5 d3 38. Qxh6 dxc2+ 39. Ka1 Rf5 40.
Rh1 Rxe5 41. fxe5 Kf7 42. Qh5+ Ke6 43. Qg4+ Kf7 44. e6+ Nxe6 45. Rf1+ Ke8 46. Re1 Kd7 47. Qe2 Nc6 48. Qxc2 Nb4 49. Qh7+ Kd6 50. Qh2+ Kd7 51. Qh7+ Kd6 52. Qh2+ Kc6 53. a3 Nd3 54. Rf1 b4 55. Qh8 Nc7 56. Qc8 Qe6 57. Qxe6+ Nxe6 58. axb4 axb4 59.
Rf6 Kd5 60. Bxg5 Nd4 61. Rf8 c3 62. bxc3 bxc3 63. Ka2 c2 64. Rd8+ Ke4 65. Rxd4+ Kxd4 66. Kb3 Ne1 67. Kb2 Kd3 68. Bh6 Nf3 69. Bf4 Nd2 70.
Kc1 Nc4 71. Bh6 Kc3 72. Bg7+ Kb3 73. Bh6 Na3 74. Bg7 Nb5 75. Bf6 Nc7 76. Be5 Nd5 77. Bg3 Nb4 78. Bf4 Na2+ 0-1

[Event "***Titled Tuesday 3|2 Blitz"]
[Site "Chess.com"]
[Date "2017.02.07"]
[Round "6"]
[White "johnathan113"]
[Black "Gergo85"]
[Result "0-1"]
[WhiteElo "2349"]
[BlackElo "2435"]
[TimeControl "180+2"]
[EndTime "14:28:48 PST"]
[Termination "Gergo85 won by checkmate"]

1. g3 d5 2. Nf3 g6 3. Bg2 Bg7 4.
O-O e5 5. c4 dxc4 6. Qa4+ c6 7.
Qxc4 Ne7 8. Nc3 O-O 9. d3 Na6 10. Qb3 Qb6 11. Qa3 Qb4 12. Qxb4 Nxb4 13. a3 Nc2 14.
Rb1 Nd4 15. b4 Bg4 16. Bg5 Nd5 17. Nxd5 Nxe2+ 18. Kh1 cxd5 19. Rbe1 Nc3 20. Bd2 e4 21. dxe4 Nxe4 22. Be3 a5 23. b5 Rac8 24. Bb6 Bxf3 25. Bxf3 Nd2 26. Bxd5 Nxf1 27. Rxf1 Rc3 28. Bxa5 Rxa3 29. Bb4 Rd3 30. Bxb7 Rb8 31.
Bc6 Rb3 32. Bd6 R8xb5 33. Bxb5 Rxb5 34. Rc1 h5 35. Rc8+ Kh7 36. Rc7 Rf5 37. Kg2 Bd4 38. f4 Kg7 39. Kf3 Rb5 40. Ke4 Bf6 41. h3 Rb6 42. Bc5 Rb3 43. g4 Rxh3 44. g5 Bb2 45. Rc8 Kh7 46. Rc7 Kg7 47. Rc8 Rb3 48. Bf8+ Kh7 49. Rc7 Kg8 50. Rc8 Kh7 51. Rc7 h4 52. Bh6 Kg8 53. Rc8+ Kh7 54. Rc7 Kg8 55. f5 Rb4+ 56. Kf3 gxf5 57. Kg2 Rg4+ 58. Kh3 Be5 59. Rc5 Re4 60. Rc8+ Kh7 61. Rf8 Kg6 62. Rg8+ Kh7 63. Rf8 Kg6 64. Rg8+ Kh5 65. Rf8 Re3+ 66. Kg2 Kg4 67.
Kf2 Rf3+ 68. Ke2 h3 69. Rc8 h2 70. Rc1 Rg3 71. Rc4+ f4 72. g6 h1=Q 73. gxf7 Qf3+ 74. Kd2 Qd3+ 75. Ke1 Rg1+ 76. Kf2 Qf1# 0-1

[Event "***Titled Tuesday 3|2 Blitz"]
[Site "Chess.com"]
[Date "2017.02.07"]
[Round "6"]
[White "AungTZ"]
[Black "pastouche06"]
[Result "0-1"]
[WhiteElo "2071"]
[BlackElo "2339"]
[TimeControl "180+2"]
[EndTime "14:28:50 PST"]
[Termination "pastouche06 won by resignation"]

1. e4 c6 2. d4 d5 3. Nc3 dxe4 4.
Nxe4 Bf5 5. Ng3 Bg6 6. h4 h6 7. Nf3 e6 8. Bd3 Bxd3 9. Qxd3 Nf6 10. Bd2 Be7 11. O-O-O O-O 12. Kb1 c5 13. Be3 Ng4 14. Qe4 Nxe3 15. fxe3 Qc7 16. Ne2 Nd7 17. Ne5 Nf6 18.
Qf3 cxd4 19. exd4 Rac8 20. c3 Bd6 21. Nd3 Nd7 22. g4 g6 23. Qe3 Kg7 24. Rdf1 e5 25. dxe5 Nxe5 26. Nxe5 Bxe5 27. h5 g5 28. Nd4 Rfe8 29.
Nf5+ Kh7 30. Qd3 Qc4 31. Qc2 Kh8 32. Ne3 Qe6 33. Nf5 Bf4 34. Rd1 Qe2 35. Qb3 Qxg4 36. Qxf7 Be5 37. Qg6 Qe4+ 38. Ka1 Qc6 39. Qxh6+ Qxh6 40. Nxh6 Kg7 41. Ng4 Bf4 42. a3 Rc7 43.
h6+ Kh8 44. Rd5 Re6 45. Rf5 Kh7 46. Rf8 Rce7 47. Nf6+ Kg6 48. h7 Re1+ 49. Rxe1 Rxe1+ 50. Ka2 Rh1 51. h8=Q Rxh8 52. Rxh8 Kxf6 53. Kb3 g4 54.
Kc2 g3 55. Rd8 g2 56. Rd1 Be3 57. Kd3 g1=Q 58. Rxg1 Bxg1 59. b4 Ke7 60. c4 Kd6 61.
c5+ Kc6 62. Kc4 Kc7 63. a4 Be3 64. Kd5 Bg5 65. b5 Be7 66. a5 a6 67. b6+ Kd7 68.
c6+ bxc6+ 69. Kc4 Kc8 70. Kd4 Kb7 71. Kc4 Bh4 72. Kc5 Bf2+ 73. Kc4 Be1 0-1

[Event "***Titled Tuesday 3|2 Blitz"]
[Site "Chess.com"]
[Date "2017.02.07"]
[Round "6"]
[White "Keranke"]
[Black "Jospem"]
[Result "0-1"]
[WhiteElo "2641"]
[BlackElo "2528"]
[TimeControl "180+2"]
[EndTime "14:29:10 PST"]
[Termination "Jospem won by resignation"]

1. d4 Nf6 2. c4 e6 3. Nc3 c5 4. d5 exd5 5. cxd5 d6 6. Nf3 g6 7.
Qa4+ Bd7 8. Qb3 Na6 9. Bf4 Be7 10. e3 O-O 11. Be2 Re8 12. Nd2 Nc7 13. a4 Na6 14. O-O Nb4 15. Nc4 Bf5 16. Qd1 Bc2 17. Qd2 Ne4 18.
Qc1 g5 19. Bg3 Nxg3 20. hxg3 Bg6 21. e4 Bf6 22. Bf3 h5 23. Nd2 g4 24. Be2 Bd4 25.
Nb5 Bf6 26. Nc3 a6 27. Re1 Bd4 28. Nb3 Qf6 29. Nxd4 cxd4 30. Nd1 d3 31. Bf1 Nc2 32. Nc3 Nxa1 33. Qxa1 d2 34. Re3 Qd4 35. Qd1 Bxe4 36. Nxe4 Rxe4 37. Rd3 Qe5 38. Qxd2 Re8 39.
Rb3 Re7 40. Rb6 Re1 41. Qh6 Rxf1+ 42. Kh2 Rd7 43. Rb3 Re1 44. Rc3 Rd8 45. Rc7 Qg7 46. Qf4 Re5 47. Rxb7 Qh7 48. Qf6 Rde8 49. Rb4 Rf5 50.
Qxd6 h4 51. Rxg4+ Kh8 52. Rxh4 Rh5 53. Qf6+ Kg8 54. d6 Rxh4+ 55. gxh4 Re6 56. Qd8+ Kg7 57.
d7 Qh6 58. g3 Rd6 59. Qe8 Qf6 60. Kg2 Qd4 61. h5 Qd5+ 62. Kg1 Qd1+ 63. Kg2 Qd5+ 64. Kg1 Rxd7 65. h6+ Kxh6 66. Qh8+ Kg6 67. Qg8+ Kf6 68.
Qh8+ Ke7 69. Qh4+ f6 70. Qh7+ Kd6 71. Qh8 Qe5 72. Qb8+ Ke7 73. Qb4+ Kf7 74. Qc4+ Qe6 75. Qc2 Kg7 76. Kh2 Qd5 77. b4 Qh5+ 78. Kg2 Qd5+ 79.
Kh2 Qd3 80. Qc6 Kg6 81. b5 Qd5 82. Qc2+ f5 83. bxa6 Rh7+ 0-1

[Event "***Titled Tuesday 3|2 Blitz"]
[Site "Chess.com"]
[Date "2017.02.07"]
[Round "6"]
[White "Rozum_Ivan"]
[Black "Grebeniuk-S"]
[Result "1-0"]
[WhiteElo "2570"]
[BlackElo "2443"]
[TimeControl "180+2"]
[EndTime "14:29:14 PST"]
[Termination "Rozum_Ivan won by resignation"]

1. e4 d5 2. exd5 Qxd5 3. d4 e5 4.
Nf3 exd4 5. Nxd4 Bc5 6. Be3 Nc6 7. Nc3 Bb4 8. Qd2 Bxc3 9. Qxc3 Nge7 10. Bc4 Qxg2 11.
O-O-O Nxd4 12. Bxd4 Be6 13. Rhg1 Qxh2 14. Bxe6 fxe6 15. Rxg7 Nc6 16. Rxc7 Qxc7 17. Bxh8 Rd8 18. Re1 Qf4+ 19. Kb1 Rd6 20. a3 Qxf2 21. Bf6 Kd7 22. Bg5 Qf7 23. Be3 h5 24. Rg1 e5 25. Bc5 Rd5 26. Qh3+ Kc7 27. Rf1 Qd7 28. Qe3 Rd1+ 29. Rxd1 Qxd1+ 30. Ka2 Qd5+ 31. b3 e4 32. Bf8 Qe5 33.
Bh6 Kd7 34. Bf4 Qe6 35. Bg3 b6 36. Kb1 Ne7 37. Qd4+ Qd5 38. Qg7 e3 39. Qc3 Qd1+ 40. Kb2 e2 41. Qe5 Qd5 42. Qxe2 Nc6 43. Ka2 Nd4 44.
Qd3 Kc6 45. Qg6+ Ne6 46. Qg8 b5 47. Qa8+ Kc5 48. Qxa7+ Kc6 49. Qa8+ Kc5 50. Bf2+ Kd6 51. Qb8+ Kc6 52. a4 bxa4 53. Qa8+ Kd6 54. Bg3+ Kc5 55. Qa5+ Kc6 56. Qxa4+ Kb7 57. Bf2 Qc6 58. Qb4+ Kc8 59. Kb2 Nc7 60. Qh4 Qd5 61. Qf4 Ne6 62. Qe3 Kd7 63. c4 Qf5 64. b4 Qf4 65. Qd3+ Ke8 66.
Be3 Qh2+ 67. Kb3 Qh1 68. b5 h4 69. c5 h3 70. c6 h2 71. Qd7+ Kf8 72. Bh6+ Kg8 73.
Qxe6+ Kh7 74. Qf6 Qb1+ 75. Ka4 Qa2+ 76. Kb4 Qb1+ 77. Ka5 Qe1+ 78. Ka6 Qg1 79. Bg5 h1=Q 80. Qf7+ Kh8 81. Bf6+ 1-0

[Event "***Titled Tuesday 3|2 Blitz"]
[Site "Chess.com"]
[Date "2017.02.07"]
[Round "6"]
[White "oskariot"]
[Black "avto24"]
[Result "0-1"]
[WhiteElo "2497"]
[BlackElo "2386"]
[TimeControl "180+2"]
[EndTime "14:29:25 PST"]
[Termination "avto24 won by checkmate"]

1. b3 d5 2. Bb2 c5 3. e3 Nc6 4. f4 Bf5 5. Nf3 Qd7 6. Bb5 f6 7. O-O e6 8. c4 O-O-O 9. cxd5 Qxd5 10. Nc3 Qd7 11. e4 Bg4 12. h3 Bxf3 13. Qxf3 Qxd2 14.
Rf2 Qd6 15. Rd1 Nd4 16. Qe3 Qc7 17. f5 exf5 18. exf5 Ne7 19. Bc4 Kb8 20. Nb5 Nexf5 21.
Qe4 Nd6 22. Qxd4 cxd4 23. Nxc7 Kxc7 24. Rxd4 Nxc4 25. Rxc4+ Kb8 26. Re2 Bd6 27. Kf2 Rc8 28. Rxc8+ Rxc8 29. Rd2 Bc5+ 30. Kf3 Kc7 31. Rc2 Kd7 32.
Rd2+ Ke6 33. Re2+ Kf5 34. g4+ Kg6 35. Rd2 Rc7 36. h4 h5 37. Rg2 hxg4+ 38. Rxg4+ Kf7 39. h5 Rd7 40. Rg6 Rd3+ 41. Kg4 Rd2 42. Bc3 Rxa2 43. Kf5 Rf2+ 44. Ke4 Rh2 45. Rg4 Rxh5 46. Kd3 g5 47. Rc4 Bb6 48. Rc8 Rh3+ 49. Ke4 Rh4+ 50. Kd5 g4 51.
Ke4 g3+ 52. Kf3 Bf2 53. Rc7+ Kg6 54. Rxb7 Rh5 55. Rb8 Rf5+ 56. Kg2 Rc5 57. Bb4 Rc2 58. Kf3 f5 59. Bd6 Rc3+ 60. Kg2 Rd3 61. Bf4 Kf7 62.
b4 Ke6 63. b5 Kd5 64. Re8 Rb3 65. Re5+ Kc4 66. Rxf5 Rxb5 67. Rf8 Rb3 68. Rc8+ Kb5 69.
Rb8+ Ka4 70. Ra8 Rd3 71. Bxg3 Bxg3 72. Rxa7+ Kb5 73. Rb7+ Kc5 74. Rg7 Be5 75. Rg4 Kd5 76. Rg6 Ke4 77. Ra6 Kf5 78. Ra5 Ke4 79. Rb5 Rd2+ 80.
Kh3 Kf5 81. Ra5 Rh2# 0-1

[Event "***Titled Tuesday 3|2 Blitz"]
[Site "Chess.com"]
[Date "2017.02.07"]
[Round "6"]
[White "Sebastian"]
[Black "jncool68"]
[Result "1/2-1/2"]
[WhiteElo "2667"]
[BlackElo "2531"]
[TimeControl "180+2"]
[EndTime "14:31:02 PST"]
[Termination "Game drawn by 50-move rule"]

1. e4 c5 2. Nf3 d6 3. d4 cxd4 4.
Nxd4 Nf6 5. Nc3 a6 6. Bg5 e6 7. f4 h6 8. Bh4 Qb6 9. Qd2 Qxb2 10. Rb1 Qa3 11. e5 dxe5 12. fxe5 Nfd7 13. Ne4 Qxa2 14.
Rd1 Qd5 15. Qe3 Qxe5 16. Be2 Bc5 17. Bg3 Qd5 18. c4 Bxd4 19. Rxd4 Qa5+ 20. Rd2 O-O 21.
Bd6 f5 22. Bxf8 Nxf8 23. Nd6 Nc6 24. g4 fxg4 25. Bxg4 Qa1+ 26. Bd1 Qe5 27. Kf2 Ng6 28.
Bf3 Qxe3+ 29. Kxe3 Nge5 30. Be2 b5 31. cxb5 axb5 32. Nxb5 Ra4 33. Rhd1 Ba6 34. Nc7 Bxe2 35. Rxe2 Rh4 36. Nxe6 Kf7 37. Nc5 g5 38. Ne4 Nc4+ 39.
Kf3 N6e5+ 40. Kg2 Ng4 41. Rd7+ Kg6 42. Kg3 Nce3 43. Rd6+ Kg7 44. Kf3 Nf5 45. Rd5 Nfe3 46. Rxe3 Nxe3 47. Kxe3 Rxh2 48. Ng3 Kg6 49. Rd6+ Kf7 50.
Nf5 h5 51. Rh6 h4 52. Kf3 Rh1 53. Nd6+ Kg7 54. Nf5+ Kf7 55. Ne3 Ra1 56. Kg4 Rg1+ 57.
Kf5 Ke7 58. Ng4 Rg3 59. Kxg5 h3 60. Kf4 Ra3 61. Ne3 Ra4+ 62. Ke5 Ra5+ 63. Nd5+ Kf7 64. Rxh3 Kg6 65. Rg3+ Kf7 66. Rg5 Ra1 67. Rf5+ Kg6 68. Rf6+ Kg7 69. Rf3 Re1+ 70. Ne3 Ra1 71. Ke6 Ra6+ 72.
Ke5 Ra1 73. Nd5 Re1+ 74. Kf5 Kf7 75. Ra3 Rf1+ 76. Nf4 Ke7 77. Ra6 Kd7 78. Ke5 Re1+ 79. Kd4 Rd1+ 80. Nd3 Ke7 81. Ke4 Rh1 82. Nf4 Re1+ 83.
Kf5 Kd7 84. Rh6 Kc7 85. Ne6+ Kd6 86. Ng5+ Kc5 87. Ne4+ Kd5 88. Rd6+ Kc4 89. Ke5 Rh1 90. Rc6+ Kb5 91. Rc2 Rd1 92. Nd2 Rh1 93. Kd4 Rh4+ 94. Ne4 Kb6 95. Kd5 Rh5+ 96. Ke6 Kb5 97. Nd6+ Kb4 98.
Rc8 Rh6+ 99. Kd5 Rh5+ 100. Kd4 Rh4+ 101. Ne4 Kb5 102. Rc5+ Kb6 103. Rc4 Rh5 104. Rc1 Rh4 105. Re1 Kc6 106. Ke5 Kb6 107. Nf6 Kc5 108. Rc1+ Kb4 109. Kd5 Kb3 110. Ne4 Rh8 111. Nc5+ Kb2 112. Rg1 Rh4 113. Rg3 Kc2 114. Ne4 Rh8 1/2-1/2

[Event "***Titled Tuesday 3|2 Blitz"]
[Site "Chess.com"]
[Date "2017.02.07"]
[Round "6"]
[White "FelixBlohberger"]
[Black "ChristopherYoo"]
[Result "1/2-1/2"]
[WhiteElo "2091"]
[BlackElo "2107"]
[TimeControl "180+2"]
[EndTime "14:31:20 PST"]
[Termination "Game drawn by 50-move rule"]

1. Nf3 Nf6 2. c4 g6 3. Nc3 d5 4.
cxd5 Nxd5 5. h4 Nxc3 6. dxc3 Qxd1+ 7. Kxd1 h5 8. e4 f6 9. Kc2 e5 10. Bc4 Bc5 11. Rf1 Nd7 12. a4 a5 13. Ne1 Ke7 14.
Nd3 b6 15. Nxc5 Nxc5 16. f3 Be6 17. Bxe6 Nxe6 18. Be3 g5 19. hxg5 fxg5 20. Rad1 Nf4 21. g3 Ne6 22. Rd5 Kf6 23. f4 gxf4 24. gxf4 Nxf4 25.
Bxf4 exf4 26. Rxf4+ Ke6 27. Rh4 Raf8 28. Rhxh5 Rf2+ 29. Kb3 Rxh5 30. Rxh5 Rf4 31. Rh7 Kd6 32. Rh6+ Ke5 33.
Rc6 Rf7 34. Rc4 c5 35. Kc2 Rf4 36. Kd3 Rf3+ 37. Ke2 Rf4 38. Ke3 Rh4 39. b4 axb4 40. cxb4 Rh3+ 41. Kd2 Rb3 42. bxc5 bxc5 43. Kc2 Re3 44. a5 Kd6 45. a6 Ra3 46. e5+ Kxe5 47. Rxc5+ Kd6 48. Rh5 Kc7 49. Rh6 Kb8 50. Kb2 Ra5 51.
Kb3 Ka7 52. Kb4 Rxa6 53. Rh7+ Kb8 54. Kb5 Rg6 55. Rf7 Re6 56. Kc5 Ra6 57. Kb5 Rg6 58.
Re7 Kc8 59. Kc5 Kd8 60. Rh7 Rg5+ 61. Kd6 Rg6+ 62. Ke5 Ra6 63. Rh8+ Kc7 64. Rh7+ Kc6 65. Rh6+ Kb5 66. Rh1 Ra4 67. Rb1+ Rb4 68. Rc1 Rc4 69. Rb1+ Kc5 70. Rd1 Rc2 71. Rd5+ Kc6 72. Rd6+ Kc7 73.
Rd4 Re2+ 74. Kd5 Re7 75. Kc5 Re5+ 76. Kc4 Kc6 77. Rf4 Rc5+ 78. Kd4 Rh5 79. Ke4 Kd6 80. Rf6+ Ke7 81. Ra6 Rh4+ 82. Kf3 Rh5 83. Kg4 Rb5 84. Kf4 Kf7 85. Ke4 Ke7 86. Kd4 Kd7 87. Kc4 Rg5 88. Ra7+ Kd6 89. Ra6+ Ke5 90. Ra5+ Kf4 91. Ra1 Re5 92. Kd4 Re8 93. Rf1+ Kg5 94. Rg1+ Kf6 95. Rf1+ Ke6 96. Re1+ Kd7 97. Rh1 Rf8 98. Ke5 Re8+ 99.
Kd5 Rg8 100. Rh7+ Kd8 101. Rh6 Ke7 102. Rh7+ Kf6 103. Rh6+ Rg6 104. Rh8 Rg1 105. Rf8+ Kg7 106. Ra8 Rd1+ 107. Ke4 Re1+ 108. Kf3 Rf1+ 109. Kg2 Rf8 110. Ra7+ Rf7 111. Ra3 Rc7 112. Rb3 1/2-1/2